 Dungeon Crawl Stone Soup version 0.29-a0-22-gbf593b16ee (webtiles) character file.

Game seed: 11793717551199217190

88 ddubois the Skirmisher (level 4, -2/38 HPs)
             Began as a Palentonga Abyssal Knight on Nov 24, 2021.
             Was a Believer of Lugonu.
             Slain by a gnoll (11 damage)
             ... on level 3 of the Dungeon on Jan 30, 2022.
             The game lasted 00:07:29 (2499 turns).

ddubois the Skirmisher (Palentonga Abyssal Knight)  Turns: 2499, Time: 00:07:30

Health: -2/38      AC:  7    Str: 16    XL:     4   Next: 30%
Magic:  6/6        EV:  9    Int: 12    God:    Lugonu [**....]
Gold:   148        SH:  0    Dex: 11    Spells: 3/3 levels left

rFire   . . .      SeeInvis +   b - +0 broad axe (venom)
rCold   . . .      Faith    .   (no shield)
rNeg    . . .      Spirit   .   g - +3 leather armour
rPois   .          Reflect  .   (no helmet)
rElec   .          Harm     .   (no cloak)
rCorr   .          Rampage  .   (no gloves)
Will    .....                   (no barding)
Stlth   +.........              (no amulet)
HPRegen 0.12/turn               (no ring)
MPRegen 0.10/turn               (no ring)

@: no status effects
A: large, rugged brown scales 3, see invisible, deformed body, roll 1, armoured
tail
a: Rolling Charge, Renounce Religion, Depart the Abyss, Bend Space


You were on level 3 of the Dungeon.
You worshipped Lugonu.
Lugonu was pleased with you.
You visited 1 branch of the dungeon, and saw 3 of its levels.
You visited the Abyss 1 time.

You collected 148 gold pieces.

Inventory:

Hand Weapons
 a - a +1 hand axe
 b - a +0 broad axe of venom (weapon)
Missiles
 d - 113 arrows
 e - 171 stones
 i - 29 sling bullets
 q - a throwing net
Armour
 g - a +3 leather armour (worn)
Scrolls
 c - a scroll of fear {unknown}
 j - a scroll of identify {unknown}
 m - a scroll of teleportation {unknown}
 n - a scroll of amnesia {unknown}
 o - a scroll of torment {unknown}
Potions
 f - 2 potions of brilliance {unknown}
 h - a potion of haste {unknown}
 k - a potion of flight {unknown}
 l - a potion of mutation {unknown}
 p - a potion of heal wounds {unknown}


   Skills:
 + Level 3.6 Fighting
 * Level 3.5 Axes
 - Level 1.5 Armour
 - Level 0.7 Dodging
 + Level 2.9 Invocations


You had 3 spell levels left.
You didn't know any spells.
Your spell library contained the following spells:

 Spells                   Type           Power      Damage    Failure   Level
 Foxfire                  Conj/Fire      0%         2x1d4     38%         1
 Freeze                   Ice            0%         1d3       38%         1
 Magic Dart               Conj           0%         1d3       38%         1
 Shock                    Conj/Air       0%         1d3       38%         1
 Searing Ray              Conj           0%         2d4       52%         2
 Call Canine Familiar     Summ           0%         N/A       77%         3
 Conjure Flame            Conj/Fire      0%         6-21      77%         3
 Frozen Ramparts          Ice            0%         1d2       77%         3
 Inner Flame              Hex/Fire       0%         N/A       77%         3
 Portal Projectile        Hex/Tloc       0%         N/A       77%         3
 Swiftness                Air            0%         N/A       77%         3
 Airstrike                Air            0%         N/A       99%         4
 Flame Wave               Conj/Fire      0%         2d4       99%         4
 Fulminant Prism          Conj/Hex       0%         3d6       99%         4
 Hailstorm                Conj/Ice       0%         3d3       99%         4
 Leda's Liquefaction      Hex/Erth       0%         N/A       99%         4
 Summon Lightning Spire   Summ/Air       0%         N/A       99%         4
 Storm Form               Tmut/Air       0%         N/A       100%        7
 Maxwell's Capacitive Co  Air            0%         ∞         100%        8


Dungeon Overview and Level Annotations

Branches:
Dungeon (3/15)

Altars:

Shops:
D:3 *


Innate Abilities, Weirdness & Mutations

You are completely covered in rugged brown scales. (AC +3, +7% HP)
You have supernaturally acute eyesight. (SInv)
Armour fits poorly on your strangely shaped body.
You can roll at nearby foes to attack.
You have a long armoured tail.


Message History

The gnoll is almost dead.
You kill the gnoll!
Lugonu accepts your kill.
No target in view!
No target in view!
You climb downwards.
The gnoll misses you.
There is a stone staircase leading up here.
You closely miss the gnoll.
Your tail-slap misses the gnoll.
The gnoll hits you with a +0 flail! x2
You are too injured to fight recklessly!
You are too injured to fight recklessly!
You are too injured to fight recklessly!
You are too injured to fight recklessly!
You are too injured to fight recklessly!
You barely miss the gnoll. The gnoll hits you with a +0 flail.
You barely miss the gnoll. The gnoll hits you with a +0 flail.
* * * LOW HITPOINT WARNING * * *
The gnoll hits you with a +0 flail!
* * * LOW HITPOINT WARNING * * *
You see here a rat corpse.
You see here a +0 flail.
There is a stone staircase leading up, spattered with blood here.
You see here a rat corpse.
You see here a +0 flail.
There is a stone staircase leading up, spattered with blood here.
You see here a rat skeleton.
You see here a +0 flail.
There is a stone staircase leading up, spattered with blood here.
You see here a rat skeleton.
You see here a +0 flail.
There is a stone staircase leading up, spattered with blood here.
You see here a rat skeleton.
You see here a +0 flail.
There is a stone staircase leading up, spattered with blood here.
You see here a rat skeleton.
You see here a +0 flail.
There is a stone staircase leading up, spattered with blood here.
You see here a rat skeleton.
The gnoll hits you with a +0 flail!
You die...

#####.....# #.............#
##.........# #.............#
...........# #.............#
...........# #.............#
...........###.............#
.##+##...........#.....#.###
#...........#....##.##
#.....).....##.......###
##.........@##).####...##
#..........g<..####.#..#
+....†......#..........#
#...[...........#...#..#
#................#.#...#
#..........#..#...∩...##
#.#####.......#..#.#..# #.
...###.#.#.#...#.# #. ....#
#.#.........#


You could see a gnoll.

Vanquished Creatures
  Robin (D:2)
  2 gnolls
  A worm (D:3)
  A dart slug (D:2)
  A ball python (D:3)
  3 endoplasms (D:2)
  2 giant cockroaches
  12 goblins
  9 hobgoblins
  2 jackals (D:1)
  4 quokkas
  2 bats
  A frilled lizard (D:2)
  2 kobolds (D:1)
  4 rats
47 creatures vanquished.

Notes
Turn   | Place    | Note
-------+----------+-------------------------------------------
     0 | Abyss:1  | ddubois the Palentonga Abyssal Knight began the quest for
                  | the Orb.
     0 | Abyss:1  | Reached XP level 1. HP: 19/19 MP: 2/2
    40 | Abyss:1  | Noticed a small abomination
    67 | D:1      | Escaped the Abyss
   253 | D:1      | Upgraded the game from 0.28-a0-906-g0406aca7d3 to
                  | 0.29-a0-22-gbf593b16ee
   426 | D:1      | Reached * piety under Lugonu
   427 | D:1      | Reached XP level 2. HP: 25/25 MP: 3/3
  1069 | D:2      | Noticed Robin
  1411 | D:2      | Found a faded altar of an unknown god.
  1416 | D:2      | Reached XP level 3. HP: 31/31 MP: 4/4
  1823 | D:2      | Killed Robin
  2231 | D:3      | Found Pankipnoca's General Store.
  2292 | D:3      | Reached ** piety under Lugonu
  2299 | D:3      | Reached XP level 4. HP: 30/37 MP: 6/6
  2431 | D:3      | HP: 1/38 [gnoll (7)]
  2499 | D:3      | Slain by a gnoll

Illustrated notes

Levels and vault maps discovered:
D:1:      dpeg_arrival_solitude, layout_rooms, minmay_stone_trees_small,
          minmay_cut_off
D:2:      layout_loops_cross, ebering_ecumenical_altar_webs, uniq_robin
D:3:      layout_basic, serial_shops, nicolae_shop_advertising_works
          [nicolae_subvault_shop_adworks], uniq_crazy_yiuf_cottage

Skill      XL: |  1  2  3 |
---------------+----------+-----
Axes           | 3 |  3.5
Fighting       | |  3.6
Armour         | |  1.5
Dodging        | |  0.7
Invocations    | |  2.9

Action                   |  1- 3 |  4- 6 || total
-------------------------+-------+-------++-------
Melee: Hand axe          |    78 |       ||    78
       Tailslap          |     7 |       ||     7
       Broad axe         |    19 |    11 ||    30
       Punch             |     1 |       ||     1
Invok: Depart the Abyss  |     1 |       ||     1
Armor: Leather armour    |    57 |     3 ||    60
Dodge: Dodged            |    52 |     6 ||    58

Table legend: (Time is in decaauts)
 A = Elapsed time spent in this place.
 B = Non-inter-level travel time spent in this place.
 C = Inter-level travel time spent in this place.
 D = Time resting spent in this place.
 E = Time spent auto-exploring this place.
 F = Levels seen in this place.
 G = Mean time per level.
                   A        B        C        D        E       F      G
               +--------+--------+--------+--------+--------+-----+--------+
         Total |   2528 |   2442 |     86 |    460 |   1435 |   4 |  632.0 |
       Dungeon |   2461 |   2375 |     86 |    460 |   1398 |   3 |  820.3 |
         Abyss |     67 |     67 |      0 |      0 |     37 |   1 |   67.0 |
               +--------+--------+--------+--------+--------+-----+--------+

Top non-repeatable levels by time:
     D:1: 1246 daAuts
     D:2: 949 daAuts
     D:3: 265 daAuts
 Abyss:1: 67 daAuts
